 Dungeon Crawl Stone Soup version 0.19-a0-1626-g5215c36 (webtiles) character file.

477 sveltemanboy the Ruffian (level 6, 0/42 HPs)
             Began as a Demonspawn Chaos Knight on Sept 18, 2016.
             Slain by sveltemanboy's ghost (1 damage)
             ... on level 5 of the Dungeon.
             The game lasted 00:10:47 (4637 turns).

sveltemanboy the Ruffian (Demonspawn Chaos Knight)  Turns: 4637, Time: 00:10:48

Health: 0/42       AC:  6    Str: 15      XL:     6   Next: 85%
Magic:  6/6        EV: 15    Int:  9      God:    Xom [*.....]
Gold:   280        SH:  0    Dex: 13 (16) Spells: 0 memorised, 5 levels left

rFire  . . .     SeeInvis .       - Unarmed
rCold  + . .     Gourm    .     i - +2 leather armour {rC+}
rNeg   . . .     Faith    .     (no shield)
rPois  +         Spirit   .     (helmet restricted)
rElec  .         Dismiss  .     (no cloak)
rCorr  .         Reflect  .     e - +0 pair of gloves
MR     .....     Harm     .     (no boots)
Stlth  +.........               (no amulet)
                                (no ring)
                                (no ring)

@: no status effects
A: hooves 1, horns 1, repulsion field 1, agile 2, deterioration 1, dopey 2,
frail 1, poison resistance, powered by death 1, wild magic 1
a: Renounce Religion


You were on level 5 of the Dungeon.
You worshipped Xom.
You were a special plaything of Xom.
You were not hungry.

You visited 1 branch of the dungeon, and saw 5 of its levels.

You collected 280 gold pieces.

Inventory:

Armour
 e - a +0 pair of gloves (worn)
 i - a +2 leather armour of cold resistance (worn)
 m - a +2 buckler
Wands
 d - a wand of lightning (7/15)
 f - a wand of slowing (37/48)
Scrolls
 g - 2 scrolls of teleportation
 h - 2 scrolls of identify
 l - 2 scrolls of enchant weapon
 o - a scroll of recharging
 p - a scroll of enchant armour
Potions
 q - a potion of cure mutation
Comestibles
 b - 2 bread rations
 c - 2 meat rations
 j - 3 fruits
 k - a beef jerky


   Skills:
 - Level 3.0 Fighting
 - Level 3.4 Armour
 - Level 3.1 Dodging
 + Level 0.0 Shields
 * Level 5.5 Unarmed Combat


You had 5 spell levels left.
You didn't know any spells.

Dungeon Overview and Level Annotations

Branches:
Dungeon (5/15)             Temple (0/1) D:4

Altars:
Cheibriados
Dithmenos
Hepliaklqana
Uskayaw
Xom

Annotations:
D:5 sveltemanboy's ghost, novice DsMo


Innate Abilities, Weirdness & Mutations

You are surrounded by a mild repulsion field. (EV +2)
You regenerate a little health from kills.
You have large cloven feet.
You have a pair of small horns on your head.
You are very agile. (Dex +4)
Your body sometimes deteriorates upon taking damage.
You are very dopey. (Int -4)
You are frail. (-10% HP)
Your system is resistant to poisons. (rPois)
Your spells are a little harder to cast, but a little more powerful.


Message History

You hit sveltemanboy's ghost.
Sveltemanboy's ghost is heavily damaged.
Sveltemanboy's ghost hits you but does no damage.
You hit sveltemanboy's ghost but do no damage.
Sveltemanboy's ghost is heavily damaged.
Sveltemanboy's ghost barely misses you.
You completely miss sveltemanboy's ghost.
Sveltemanboy's ghost is heavily damaged.
Sveltemanboy's ghost hits you!
* * * LOW HITPOINT WARNING * * *
You hit sveltemanboy's ghost.
Sveltemanboy's ghost is severely damaged.
Sveltemanboy's ghost hits you.
* * * LOW HITPOINT WARNING * * *
You hit sveltemanboy's ghost.
You kick sveltemanboy's ghost, but do no damage.
Sveltemanboy's ghost is severely damaged.
Sveltemanboy's ghost hits you.
You die...
Xom titters!

### ### ..### #.. #...##
#.#####
###..#############.#...#
.###.'...........#.#<#.#
(._#############@#.###.#
...## #.#W.#.....#
_...###### #<#.....####
###.#....####.#..........#
2##.'.....................+
########.####.##.##.....(.#
+......#....########.#
###.##.#.#### # #.##...#


You could see sveltemanboy's ghost.

Vanquished Creatures
  A tengu (D:4)
  A bullfrog (D:4)
  An orc wizard (D:4)
  A worker ant zombie (D:5)
  A howler monkey skeleton (D:4)
  3 gnolls
  4 adders
  An ooze (D:2)
  An adder skeleton (D:4)
  A worm (D:2)
  2 dart slugs
  3 leopard geckos
  9 orcs (D:4)
  6 bats
  2 giant cockroaches
  3 goblins
  4 hobgoblins
  2 jackals (D:4)
  4 kobolds
  2 quokkas
  2 ball pythons
  3 frilled lizards
  5 rats
  A plant (D:3)
63 creatures vanquished.

Vanquished Creatures (collateral kills)
  Eustachio (D:4)
  An orc priest (D:4)
2 creatures vanquished.

Vanquished Creatures (others)
  A slave (D:4)
  A worker ant (D:4)
  A giant cockroach (D:4)
  A frilled lizard (D:4)
4 creatures vanquished.

Grand Total: 69 creatures vanquished

Notes
Turn   | Place    | Note
-------+----------+-------------------------------------------
     0 | D:1      | sveltemanboy the Demonspawn Chaos Knight began the quest for the Orb.
     0 | D:1      | Reached XP level 1. HP: 18/18 MP: 1/1
    37 | D:1      | XOM: divination: detect creatures
   164 | D:1      | Reached skill level 1 in Dodging
   432 | D:1      | Gained mutation: You are surrounded by a mild repulsion field. (EV +2) [demonic ancestry]
   432 | D:1      | Reached XP level 2. HP: 23/24 MP: 2/2
   762 | D:1      | Reached skill level 3 in Unarmed Combat
  1131 | D:2      | XOM: divination: magic mapping
  1395 | D:1      | Reached XP level 3. HP: 29/29 MP: 3/3
  1640 | D:2      | XOM: confuse monster(s)
  1911 | D:2      | Reached XP level 4. HP: 27/35 MP: 4/4
  2268 | D:3      | XOM: cloud trail
  2392 | D:3      | XOM: 1-stop teleportation journey
  2544 | D:3      | Reached skill level 4 in Unarmed Combat
  2575 | D:3      | XOM: god gift: 3 fruits
  3217 | D:3      | XOM: scenery: create altars
  3233 | D:3      | XOM: give mutations
  3233 | D:3      | Gained mutation: You are dopey. (Int -2) [Xom's mischief]
  3233 | D:3      | Gained mutation: You are frail. (-10% HP) [Xom's mischief]
  3233 | D:3      | Gained mutation: Your body sometimes deteriorates upon taking damage. [Xom's mischief]
  3233 | D:3      | Gained mutation: You are very dopey. (Int -4) [Xom's mischief]
  3262 | D:3      | XOM: cloud trail
  3405 | D:3      | XOM: give mutations
  3405 | D:3      | Gained mutation: Your spells are a little harder to cast, but a little more powerful. [Xom's grace]
  3405 | D:3      | Gained mutation: You have a pair of small horns on your head. [Xom's grace]
  3501 | D:4      | Found a staircase to the Ecumenical Temple.
  3534 | D:4      | Noticed a bullfrog
  3543 | D:4      | Killed a bullfrog
  3543 | D:4      | Reached XP level 5. HP: 26/36 MP: 5/5
  3555 | D:4      | XOM: give mutations
  3555 | D:4      | Gained mutation: You have large cloven feet. [Xom's grace]
  3555 | D:4      | Gained mutation: You are agile. (Dex +2) [Xom's grace]
  3555 | D:4      | Gained mutation: You are very agile. (Dex +4) [Xom's grace]
  3555 | D:4      | Gained mutation: Your system is resistant to poisons. (rPois) [Xom's grace]
  3575 | D:4      | Noticed Pikel
  3575 | D:4      | Noticed a slave
  3575 | D:4      | Noticed a slave
  3576 | D:4      | Noticed a slave
  3576 | D:4      | Noticed a slave
  3588 | D:4      | XOM: cleaving
  3589 | D:4      | Noticed Pikel
  3589 | D:4      | Pikel changed into Pikel the tengu
  3589 | D:4      | XOM: polymorph Pikel -> Pikel the tengu
  3595 | D:4      | Killed Pikel the tengu
  3595 | D:4      | Gained mutation: You regenerate a little health from kills. [demonic ancestry]
  3595 | D:4      | Reached XP level 6. HP: 18/42 MP: 6/6
  3607 | D:4      | Killed a freed slave
  3623 | D:4      | XOM: divination: detect creatures
  3755 | D:4      | XOM: harmless Air miscast
  3788 | D:4      | Found a hide-covered altar of Uskayaw.
  3803 | D:4      | Reached skill level 5 in Unarmed Combat
  3964 | D:4      | XOM: medium Chrm miscast
  4054 | D:4      | Noticed Eustachio
  4072 | D:4      | XOM: summons friendly iron imp
  4102 | D:4      | Killed Eustachio
  4383 | D:4      | Found a shadowy altar of Dithmenos.
  4384 | D:4      | Found a snail-covered altar of Cheibriados.
  4516 | D:5      | Entered Level 5 of the Dungeon
  4556 | D:5      | Found a shimmering altar of Xom.
  4557 | D:5      | Found a hazy altar of Hepliaklqana.
  4557 | D:5      | Noticed a hell beast
  4571 | D:5      | Noticed a spectral ugly thing
  4571 | D:5      | Noticed a hell beast
  4597 | D:5      | Noticed sveltemanboy's ghost (novice DsMo)
  4610 | D:5      | XOM: mild Divn miscast
  4636 | D:5      | HP: 1/42 [sveltemanboy's ghost (4)]
  4637 | D:5      | Slain by sveltemanboy's ghost

Vault maps used:
D:1:      mainiacjoe_arrival_reflecting_pool
D:2:      serial_bayou_crossing
D:3:      serial_forest, infiniplex_forest_lined_room_,
          infiniplex_forest_lined_room_2, infiniplex_forest_end_double,
          infiniplex_forest_lined_corner, infiniplex_forest_straight_2
D:4:      lemuel_doored_altar, gammafunk_temple_overflow_statue, uniq_pikel,
          uniq_eustachio
D:5:      regret_index_temple_of_mockery, kennysheep_mini, first_bread

Skill      XL: |  1  2  3  4  5  6 |
---------------+-------------------+-----
Armour         | 2 3 |  3.4
Dodging        | 1 2 3 |  3.1
Unarmed Combat | 3 4 5 |  5.5
Fighting       | |  3.0

Action                   |  1- 3 |  4- 6 || total
-------------------------+-------+-------++-------
Melee: Unarmed           |   109 |   311 ||   420
       Punch             |     2 |     7 ||     9
       Headbutt          |       |    38 ||    38
       Kick              |       |    45 ||    45
  Use: Scroll            |     7 |     6 ||    13
       Potion            |       |     5 ||     5
 Stab: Sleeping          |     1 |     1 ||     2
  Eat: Chunk             |     2 |    11 ||    13
Armor: Leather armour    |    25 |    53 ||    78
Dodge: Dodged            |    64 |   153 ||   217
